[Event "Team 45 45 League T77"]
[Site "Internet Chess Club"]
[Date "2018.07.03"]
[Round "2"]
[White "OGO"]
[Black "Gilguli"]
[Result "0-1"]
[WhiteElo "1324"]
[BlackElo "1358"]
[Opening "QGD: Albin counter-gambit, Lasker trap"]
[ECO "D08"]
[Time "16:00:33"]
[TimeControl "2700+45"]

1. d4 d5 2. c4 e5 3. dxe5 d4 4. e3 Bb4+ 5. Bd2 dxe3 6. Qa4+ Nc6 7. Bxb4 exf2+ 8.
Kxf2 Qd4+ 9. Ke1 Qxe5+ 10. Ne2 Bd7 11. Bc3 Qg5 12. Qc2 Bf5 13. Qd2 Qxd2+ 14.
Nxd2 f6 15. Kf2 Nh6 16. h3 O-O-O 17. g4 Bg6 18. Bg2 Ne5 19. Bxe5 fxe5 20. Ne4
Rhf8+ 21. Kg3 Rd3+ 22. Kh2 Bxe4 23. Bxe4 Rd2 24. Raf1 Rxe2+ 25. Kg3 Rxf1 26.
Rxf1 Rxe4 {White resigns} 0-1

[Event "Team 45 45 League T77"]
[Site "Internet Chess Club"]
[Date "2018.06.30"]
[Round "2"]
[White "Toalla"]
[Black "WzeroMN"]
[Result "1-0"]
[WhiteElo "1248"]
[BlackElo "1063"]
[Opening "Nimzovich-Larsen attack"]
[ECO "A01"]
[Time "14:01:55"]
[TimeControl "2700+45"]

1. b3 f6 2. Bb2 e5 3. e4 d6 4. g3 f5 5. Nc3 Nc6 6. Nf3 fxe4 7. Nxe4 d5 8. Neg5
Bg4 9. h4 Bxf3 10. Qxf3 Qf6 11. Qxd5 Rd8 12. Qe6+ Be7 13. Bc4 Qxe6 14. Nxe6 Rd7
15. Nxg7+ Kd8 16. Ne6+ Kc8 17. O-O-O Nf6 18. Be2 Ne4 19. Rhf1 Rg8 20. d3 Rg6 21.
dxe4 Rxd1+ 22. Rxd1 Rxe6 23. Bg4 {Black resigns} 1-0

[Event "Team 45 45 League T77"]
[Site "Internet Chess Club"]
[Date "2018.07.02"]
[Round "2"]
[White "Goli"]
[Black "HomerSimpson"]
[Result "1-0"]
[WhiteElo "1686"]
[BlackElo "1990"]
[Opening "Sicilian: Alapin's variation (2.c3)"]
[ECO "B22"]
[Time "15:05:44"]
[TimeControl "2700+45"]

1. e4 c5 2. c3 d5 3. exd5 Qxd5 4. d4 g6 5. Nf3 Bg7 6. Be2 cxd4 7. cxd4 Nh6 8.
Nc3 Qa5 9. O-O O-O 10. Bf4 Rd8 11. Nb5 Na6 12. Qc2 Bf5 13. Qc3 Qb6 14. Rfd1 Rac8
15. Qe1 Bc2 16. Rd2 Nf5 17. Rc1 Be4 18. Rxc8 Rxc8 19. Ne5 Bd5 20. Nd7 Qe6 21.
Ne5 Bxa2 22. Nxa7 Rd8 23. Nb5 g5 24. Bg3 Nxg3 25. hxg3 Bxe5 26. dxe5 Rxd2 27.
Qxd2 Qxe5 28. Nc3 Bb3 29. Qd8+ Kg7 30. Qb6 Nc5 31. Bf3 Be6 32. Bxb7 Nxb7 33.
Qxb7 Qe1+ 34. Kh2 Qxf2 35. Qxe7 h6 36. Qb7 Qe3 37. Qe4 Qd2 38. Qe5+ Kh7 39. Ne4
Qc2 40. Nf6+ Kg6 41. Ne8 Qc6 42. Qg7+ Kf5 43. Qf6+ Kg4 44. Qxh6 Kf5 45. Qf6+ Kg4
46. Qh6 Kf5 47. Ng7+ Ke4 48. Qxg5 Bd5 49. Nf5 Be6 50. Qf4+ Kd3 51. Qe3+ Kc4 52.
Qc3+ Kd5 53. Ne7+ {Black resigns} 1-0

[Event "Team 45 45 League T77"]
[Site "Internet Chess Club"]
[Date "2018.06.28"]
[Round "2"]
[White "kaiclc"]
[Black "Egmont"]
[Result "0-1"]
[WhiteElo "1344"]
[BlackElo "1597"]
[Opening "French: MacCutcheon, Lasker variation"]
[ECO "C12"]
[Time "07:00:53"]
[TimeControl "2700+45"]

1. e4 e6 2. d4 d5 3. Nc3 Nf6 4. Bg5 Bb4 5. e5 h6 6. Bd2 Bxc3 7. bxc3 Ne4 8. Bd3
Nxd2 9. Qxd2 c5 10. Nf3 Nd7 11. O-O c4 12. Be2 Nb6 13. a4 Bd7 14. Rfb1 Bxa4 15.
Rxb6 axb6 16. Ne1 O-O 17. f4 f5 18. g3 Bd7 19. Rxa8 Qxa8 20. Kf2 Be8 21. Ng2 Qa1
22. g4 g6 23. gxf5 gxf5 24. Qe3 Kh7 25. Qh3 Rg8 26. Qh4 Rg7 27. Qf6 Bf7 28. Qh4
Qxc3 29. Ne3 Qxd4 30. Bf3 Qd2+ 31. Be2 b5 32. c3 Qxc3 33. Bh5 Qd2+ 34. Kf3 d4
{White resigns} 0-1

[Event "Team 45 45 League T77"]
[Site "Internet Chess Club"]
[Date "2018.07.01"]
[Round "2"]
[White "AVEMARIA"]
[Black "zethhon"]
[Result "1-0"]
[WhiteElo "1612"]
[BlackElo "1318"]
[Opening "Sicilian defense"]
[ECO "B40"]
[Time "08:00:27"]
[TimeControl "2700+45"]

1. e4 c5 2. Nf3 e6 3. b3 Nc6 4. Bb2 d6 5. g3 Nf6 6. d3 Be7 7. Bg2 O-O 8. O-O Bd7
9. Nbd2 Qc7 10. c3 d5 11. Re1 dxe4 12. dxe4 Rfd8 13. Qe2 Rac8 14. Nc4 Na5 15.
Nce5 Be8 16. c4 a6 17. Nd2 b5 18. f4 Bd6 19. Ng4 Nxg4 20. Qxg4 Bf8 21. Re2 bxc4
22. Nxc4 Bb5 23. Be5 Qd7 24. Rd2 Qa7 25. Rxd8 Rxd8 26. Nxa5 c4+ 27. Kh1 cxb3 28.
Nxb3 Qf2 29. Qf3 Qb6 30. Rd1 Rc8 31. Bd4 Qc7 32. h4 Ba4 33. Rc1 Bc6 34. Qf2 Qd7
35. Kh2 Rd8 36. Bc5 Bxc5 37. Nxc5 Qa7 38. Qc2 Rc8 39. Nd3 Qb7 40. e5 h6 41. Bxc6
Qc7 42. Qc5 Qd8 43. Qd6 Qa5 44. Nb4 Qa3 45. Rc2 Qa5 46. Be4 Rd8 47. Nc6 Rxd6 48.
Nxa5 {Black resigns} 1-0

[Event "Team 45 45 League T77"]
[Site "Internet Chess Club"]
[Date "2018.07.02"]
[Round "2"]
[White "filmdirector"]
[Black "FlyingTiger"]
[Result "1-0"]
[WhiteElo "1611"]
[BlackElo "1658"]
[Opening "Scandinavian defense"]
[ECO "B01"]
[Time "21:00:32"]
[TimeControl "2700+45"]

1. e4 d5 2. exd5 Nf6 3. d4 Bg4 4. Nf3 Nxd5 5. c4 Nf6 6. Nc3 e6 7. Be3 Be7 8. Be2
O-O 9. h3 Bxf3 10. Bxf3 c6 11. O-O Nbd7 12. d5 cxd5 13. cxd5 exd5 14. Nxd5 Nxd5
15. Qxd5 Bf6 16. Qb5 Nb6 17. Rfd1 Qc7 18. Rac1 Qe5 19. Qxe5 Bxe5 20. b3 Rab8 21.
a4 Nc8 22. Rc5 Bd6 23. Rxc8 Rbxc8 24. Rxd6 Rc3 25. Bd5 b6 26. Rd7 {Black
resigns} 1-0

[Event "Team 45 45 League T77"]
[Site "Internet Chess Club"]
[Date "2018.07.01"]
[Round "2"]
[White "krysto"]
[Black "julesraider"]
[Result "0-1"]
[WhiteElo "1553"]
[BlackElo "1521"]
[Opening "King's Indian: orthodox, Aronin-Taimanov, main line"]
[ECO "E99"]
[Time "15:01:37"]
[TimeControl "2700+45"]

1. d4 Nf6 2. c4 g6 3. Nc3 Bg7 4. e4 d6 5. Nf3 O-O 6. Be2 e5 7. O-O Nc6 8. d5 Ne7
9. Ne1 Nd7 10. f3 f5 11. Be3 f4 12. Bf2 g5 13. b4 Nf6 14. Nd3 h5 15. c5 Ng6 16.
Rc1 g4 17. cxd6 cxd6 18. Nb5 g3 19. hxg3 fxg3 20. Bxg3 h4 21. Bh2 Rf7 22. Nf2
Bf8 23. Qd2 Nh5 24. Ng4 Ngf4 25. Nc3 Ng3 26. Rf2 Qg5 27. Bf1 Bxg4 28. fxg4 Qxg4
29. Ne2 Nxe4 30. Rxf4 exf4 31. Qd4 f3 32. Nc3 f2+ 33. Kh1 Ng3+ {White resigns}
0-1

[Event "Team 45 45 League T77"]
[Site "Internet Chess Club"]
[Date "2018.07.01"]
[Round "2"]
[White "pokerram"]
[Black "scostanzo212"]
[Result "1-0"]
[WhiteElo "1603"]
[BlackElo "1522"]
[Opening "Sicilian: Scheveningen (Paulsen), classical variation"]
[ECO "B84"]
[Time "15:01:49"]
[TimeControl "2700+45"]

1. e4 c5 2. Nf3 d6 3. d4 cxd4 4. Nxd4 Nf6 5. Nc3 e6 6. Be2 a6 7. Be3 b5 8. a3
Be7 9. Qd2 Bb7 10. f3 Nbd7 11. g4 Nb6 12. g5 Nfd7 13. f4 Rc8 14. f5 e5 15. Ne6
fxe6 16. Bh5+ g6 17. fxg6 hxg6 18. Bxg6+ Kf8 19. Qf2+ Nf6 20. gxf6 Bxf6 21. Bxb6
Qe7 22. O-O-O Rh3 23. Rdf1 Kg7 24. Kb1 Rch8 25. Qg2 Kf8 26. Bf5 exf5 27. Rxf5
Qe6 28. Rhf1 R8h6 29. Bd8 Ke8 30. Bxf6 Rxh2 31. Qf3 R6h3 32. Qd1 Rg3 33. Bxe5
dxe5 34. Rf8+ Ke7 35. Qd8# {Black checkmated} 1-0

[Event "Team 45 45 League T77"]
[Site "Internet Chess Club"]
[Date "2018.07.03"]
[Round "2"]
[White "Pawnchain"]
[Black "anishio"]
[Result "1-0"]
[WhiteElo "1422"]
[BlackElo "1630"]
[Opening "King's Indian: London system"]
[ECO "A45"]
[Time "02:00:16"]
[TimeControl "2700+45"]

1. d4 Nf6 2. Bf4 g6 3. Nf3 Bg7 4. Nc3 d5 5. e3 O-O 6. Nb5 Na6 7. c3 c6 8. Na3
Nc7 9. Be2 Ne6 10. Bg3 Nh5 11. Be5 f6 12. Bg3 c5 13. dxc5 Nxc5 14. Nb5 e5 15.
Nd2 Nxg3 16. fxg3 Re8 17. O-O a6 18. Na3 Bh6 19. Nc2 Bf5 20. Rxf5 gxf5 21. b4 e4
22. bxc5 Qc7 23. Bh5 Red8 24. Qf1 Qxc5 25. Qxf5 Bxe3+ 26. Nxe3 Qxe3+ 27. Kh1
Qxd2 28. Qe6+ Kg7 29. Qf7+ Kh6 30. Rf1 Rd6 31. Bg4 Qxc3 32. h3 Qe5 33. Rf5 Qxf5
34. Bxf5 Kg5 35. Qxh7 Rg8 36. h4# {Black checkmated} 1-0

[Event "Team 45 45 League T77"]
[Site "Internet Chess Club"]
[Date "2018.07.01"]
[Round "2"]
[White "idjit"]
[Black "mongmong"]
[Result "1/2-1/2"]
[WhiteElo "1533"]
[BlackElo "1495"]
[Opening "French: Winawer (Nimzovich) variation"]
[ECO "C15"]
[Time "10:01:12"]
[TimeControl "2700+45"]

1. e4 e6 2. d4 d5 3. Nc3 Bb4 4. a3 Bxc3+ 5. bxc3 Ne7 6. Bd3 c5 7. exd5 exd5 8.
Nf3 Qa5 9. Bd2 c4 10. Be2 Bf5 11. Qb1 Qc7 12. O-O Nbc6 13. Re1 O-O 14. Nh4 Be6
15. Qd1 Nf5 16. Nxf5 Bxf5 17. Bg4 Qd7 18. h3 Bxg4 19. Qxg4 Qxg4 20. hxg4 Rfe8
21. Kf1 f6 22. Rab1 b6 23. Rb5 Rxe1+ 24. Kxe1 Rd8 25. Ke2 Kf7 26. Kf3 Ke6 27.
Kf4 Na5 28. g5 Nb7 29. f3 f5 30. Kg3 g6 31. Bf4 Nd6 32. Rb1 Re8 33. Be5 Kd7 34.
Kf2 Re7 35. a4 Nf7 36. f4 Nxe5 37. dxe5 Ke6 {Game drawn by mutual agreement}
1/2-1/2

[Event "Team 45 45 League T77"]
[Site "Internet Chess Club"]
[Date "2018.06.27"]
[Round "2"]
[White "losscause"]
[Black "Kingofknights"]
[Result "1/2-1/2"]
[WhiteElo "1467"]
[BlackElo "1458"]
[Opening "Caro-Kann: advance variation"]
[ECO "B12"]
[Time "19:06:52"]
[TimeControl "2700+45"]

1. e4 c6 2. d4 d5 3. e5 c5 4. dxc5 Qa5+ 5. Nc3 e6 6. Be3 Bxc5 7. Bxc5 Qxc5 8.
Qg4 g6 9. Nf3 Bd7 10. Qd4 Qxd4 11. Nxd4 a6 12. a4 Ne7 13. Bd3 Nbc6 14. Nxc6 Nxc6
15. f4 Ke7 16. Kd2 Rac8 17. Ne2 Nb4 18. c3 Nxd3 19. Kxd3 b5 20. axb5 Bxb5+ 21.
Kd2 Rc7 22. Nd4 Rb8 23. Ra5 Bd7 24. b4 Bc8 25. Rha1 Rc4 26. h4 Kf8 27. g3 h5 28.
R1a2 {Game drawn by mutual agreement} 1/2-1/2

[Event "Team 45 45 League T77"]
[Site "Internet Chess Club"]
[Date "2018.07.01"]
[Round "2"]
[White "seattleblues"]
[Black "zethhon"]
[Result "0-1"]
[WhiteElo "1288"]
[BlackElo "1333"]
[Opening "QGD: classical variation (5.Bf4)"]
[ECO "D37"]
[Time "21:01:22"]
[TimeControl "2700+45"]

1. d4 d5 2. Nf3 Nf6 3. c4 e6 4. Nc3 Be7 5. Bf4 O-O 6. e3 b6 7. Be2 Bb7 8. O-O
Nbd7 9. h3 c5 10. dxc5 Nxc5 11. Qc2 Rc8 12. Rad1 Bd6 13. Bg5 h6 14. Bh4 Qc7 15.
Nb5 Qd7 16. Nxd6 Qxd6 17. Bg3 Qe7 18. cxd5 Nce4 19. Qb1 Nxg3 20. fxg3 Nxd5 21.
Ne5 Nxe3 22. Rd7 Qc5 23. Nd3 Qc6 24. Rxb7 Qxg2# {White checkmated} 0-1

[Event "Team 45 45 League T77"]
[Site "Internet Chess Club"]
[Date "2018.07.02"]
[Round "2"]
[White "Pawnchain"]
[Black "Just-Jim"]
[Result "1-0"]
[WhiteElo "1396"]
[BlackElo "1213"]
[Opening "Queen's pawn, Mason variation"]
[ECO "D00"]
[Time "16:00:27"]
[TimeControl "2700+45"]

1. d4 d5 2. Bf4 Nc6 3. c3 a6 4. Nd2 h6 5. Ngf3 Bf5 6. e3 e6 7. Be2 Bd6 8. Ne5
Bxe5 9. dxe5 Nge7 10. Bg3 Ng6 11. f4 O-O 12. Nb3 f6 13. exf6 Qxf6 14. Nd4 Nxd4
15. Qxd4 Qe7 16. O-O c5 17. Qd2 Rad8 18. Rad1 d4 19. cxd4 cxd4 20. exd4 Qd6 21.
Bc4 b5 22. Bb3 Kh8 23. h3 Rd7 24. Qe3 a5 25. a4 Qb4 26. axb5 Qxb5 27. d5 a4 28.
dxe6 Rxd1 29. Bxd1 Qxb2 30. Bxa4 Qb4 31. Bd7 Ne7 32. Be1 Qc4 33. Bc3 Nd5 34. Qd4
Qxd4+ 35. Bxd4 Bd3 36. Rf2 Nxf4 37. e7 Ne2+ 38. Kh2 Rxf2 39. e8=Q+ Kh7 40. Bxf2
Bg6 41. Qxe2 Bb1 42. Qe5 Bg6 43. Bd4 {Black resigns} 1-0

[Event "Team 45 45 League T77"]
[Site "Internet Chess Club"]
[Date "2018.07.01"]
[Round "2"]
[White "drsigmund1"]
[Black "az2112"]
[Result "0-1"]
[WhiteElo "1499"]
[BlackElo "1515"]
[Opening "Queen's pawn, Mason variation"]
[ECO "D00"]
[Time "13:02:24"]
[TimeControl "2700+45"]

1. d4 d5 2. Bf4 Nf6 3. e3 e6 4. Nf3 Be7 5. Bd3 O-O 6. Nbd2 Nbd7 7. h3 b6 8. O-O
Bb7 9. c3 Rc8 10. a4 c5 11. Qe2 Ne4 12. Ba6 Bxa6 13. Qxa6 Nxd2 14. Nxd2 Ra8 15.
a5 Qc8 16. Qb5 a6 17. Qe2 b5 18. Rfc1 c4 19. e4 dxe4 20. Nxe4 Qc6 21. Nd2 Nf6
22. b3 Nd5 23. Qf3 Rac8 24. bxc4 Nxf4 25. Qxf4 bxc4 26. Rcb1 Qd5 27. Rb6 Bg5
{White resigns} 0-1

[Event "Team 45 45 League T77"]
[Site "Internet Chess Club"]
[Date "2018.06.28"]
[Round "2"]
[White "joaoazm"]
[Black "LuFran"]
[Result "1-0"]
[WhiteElo "1525"]
[BlackElo "1468"]
[Opening "QGD: Chigorin defense"]
[ECO "D07"]
[Time "19:00:17"]
[TimeControl "2700+45"]

1. d4 d5 2. c4 Nc6 3. Nf3 Bg4 4. Nc3 e6 5. Bf4 Bb4 6. e3 Nf6 7. Bg5 h6 8. cxd5
exd5 9. Bxf6 Qxf6 10. Be2 O-O 11. Qb3 Rfd8 12. O-O Bxc3 13. Qxc3 Qe7 14. Rfc1
Rac8 15. Qb3 Rb8 16. Rc5 Qd7 17. Rac1 a6 18. Qd1 Be6 19. Bxa6 bxa6 20. Rxc6 Rxb2
21. Rxc7 Qd6 22. a4 Bg4 23. R1c6 Qf8 24. Rxa6 Bxf3 25. gxf3 Qb4 26. Raa7 Rb1 27.
Rc1 Rb3 28. a5 Qb8 29. Rac7 Rb5 30. a6 Ra5 31. Qf1 Qa8 32. Ra1 Rxa1 33. Qxa1 Rd6
34. a7 Rd8 35. f4 Rd6 36. Rc8+ {Black resigns} 1-0

[Event "Team 45 45 League T77"]
[Site "Internet Chess Club"]
[Date "2018.07.01"]
[Round "2"]
[White "Andressa"]
[Black "guyd52"]
[Result "0-1"]
[WhiteElo "1389"]
[BlackElo "1291"]
[Opening "Robatsch (modern) defense"]
[ECO "B06"]
[Time "19:03:15"]
[TimeControl "2700+45"]

1. e4 g6 2. Nf3 Bg7 3. Bc4 d6 4. O-O Nf6 5. Re1 e5 6. Nc3 O-O 7. a3 Re8 8. d3
Be6 9. Bb3 Bxb3 10. cxb3 a5 11. Bd2 Qd7 12. Rc1 Na6 13. Be3 Ng4 14. h3 Nxe3 15.
fxe3 Bh6 16. Nd5 Kg7 17. Rc2 Nc5 18. Rce2 Ra6 19. b4 axb4 20. Nxb4 Rb6 21. Nd5
Ra6 22. b4 Ne6 23. Qb3 Qa4 24. Qxa4 Rxa4 25. Ra2 Rea8 26. Rea1 b5 27. d4 f6 28.
Ne1 c6 29. Nb6 Bxe3+ 30. Kh1 Bxd4 31. Nxa8 Bxa1 32. Rxa1 Rxa8 33. Nc2 Ng5 34.
Re1 Kf7 35. h4 Ne6 36. Rd1 Ke7 37. g3 Nd4 38. Nxd4 exd4 {White resigns} 0-1

[Event "Team 45 45 League T77"]
[Site "Internet Chess Club"]
[Date "2018.06.28"]
[Round "2"]
[White "Conjurer"]
[Black "olivermx"]
[Result "1-0"]
[WhiteElo "1263"]
[BlackElo "1211"]
[Opening "Queen's pawn, Mason variation, Steinitz counter-gambit"]
[ECO "D00"]
[Time "17:14:57"]
[TimeControl "2700+45"]

1. d4 d5 2. Bf4 c5 3. c3 cxd4 4. cxd4 Nf6 5. e3 Nc6 6. Nf3 e6 7. Nc3 a6 8. a3
Be7 9. Bd3 O-O 10. O-O h6 11. h3 Bd6 12. Ne5 Qc7 13. Rc1 Nxe5 14. dxe5 Bxe5 15.
Nxd5 Qd6 16. Nxf6+ gxf6 17. Bxh6 {Black resigns} 1-0

[Event "Team 45 45 League T77"]
[Site "Internet Chess Club"]
[Date "2018.07.01"]
[Round "2"]
[White "smsxman"]
[Black "mongmong"]
[Result "0-1"]
[WhiteElo "1290"]
[BlackElo "1503"]
[Opening "French: King's Indian attack"]
[ECO "C00"]
[Time "13:05:36"]
[TimeControl "2700+45"]

1. e4 e6 2. d3 d5 3. Qe2 Nf6 4. Bg5 Be7 5. Nd2 O-O 6. Ngf3 b6 7. g3 Bb7 8. Bg2
c5 9. O-O Nc6 10. c3 Nd7 11. Bxe7 Nxe7 12. e5 Ng6 13. d4 Qc7 14. Rac1 Rac8 15.
a3 Qb8 16. Nb3 a5 17. Rfe1 Qa7 18. Qd2 Ba6 19. Bf1 Bxf1 20. Rxf1 Rc7 21. Qe2
Rfc8 22. Qd2 Qa6 23. Rfe1 b5 24. Qe2 c4 25. Na1 Qb6 26. Nc2 Nb8 27. Rb1 Na6 28.
Ng5 h6 29. Nf3 b4 30. Qd2 Rb7 31. axb4 axb4 32. Ne3 Rcb8 33. Nc2 Qc6 34. cxb4
Nxb4 35. Nxb4 Rxb4 36. Qc2 Qb6 37. Re2 Ne7 38. g4 Rb3 39. Kg2 c3 40. Ree1 Rxb2
41. Rxb2 Qxb2 42. Rc1 Qxc2 43. Rxc2 Rb3 44. Ne1 Nc6 45. Nf3 f6 46. exf6 gxf6 47.
h4 e5 48. dxe5 fxe5 49. g5 d4 50. Ne1 e4 51. f3 d3 52. Ra2 d2 53. Ra8+ Rb8 54.
Rxb8+ Nxb8 {White resigns} 0-1

[Event "Team 45 45 League T77"]
[Site "Internet Chess Club"]
[Date "2018.06.30"]
[Round "2"]
[White "oldprez1"]
[Black "Just-Jim"]
[Result "0-1"]
[WhiteElo "1249"]
[BlackElo "1239"]
[Opening "English: Sicilian reversed"]
[ECO "A25"]
[Time "11:00:25"]
[TimeControl "2700+45"]

1. c4 Nc6 2. Nc3 e5 3. g3 Nf6 4. Bg2 Bc5 5. e4 d6 6. d3 Ng4 7. Nd5 Nxf2 8. Qf3
Nxh1 9. Bxh1 Nd4 10. Qg2 O-O 11. Bd2 c6 12. Nb4 a5 13. Be3 Bxb4+ 14. Kd1 Bg4+
15. Kc1 Bc5 16. h3 Be6 17. Nf3 Nb3+ 18. axb3 Bxe3+ 19. Kd1 d5 20. Nxe5 Bd4 21.
Nf3 Bf6 22. e5 Be7 23. Nd4 Qb6 24. Nxe6 fxe6 25. Kc2 Rf2+ {White resigns} 0-1

[Event "Team 45 45 League T77"]
[Site "Internet Chess Club"]
[Date "2018.06.28"]
[Round "2"]
[White "WzeroMN"]
[Black "vedv"]
[Result "0-1"]
[WhiteElo "1072"]
[BlackElo "1113"]
[Opening "Ruy Lopez: Berlin defense"]
[ECO "C65"]
[Time "12:30:53"]
[TimeControl "2700+45"]

1. e4 e5 2. Nf3 Nc6 3. Bb5 Nf6 4. Bxc6 dxc6 5. Nc3 Be7 6. O-O O-O 7. h3 h6 8.
Nxe5 Qd6 9. Nf3 Nh5 10. Re1 Qg6 11. Kf1 Nf4 12. Ne2 Qxg2# {White checkmated} 0-1

[Event "Team 45 45 League T77"]
[Site "Internet Chess Club"]
[Date "2018.06.28"]
[Round "2"]
[White "Aquaman"]
[Black "Scorpius"]
[Result "0-1"]
[WhiteElo "1228"]
[BlackElo "1330"]
[Opening "English: symmetrical, main line with d3"]
[ECO "A38"]
[Time "20:05:33"]
[TimeControl "2700+45"]

1. c4 c5 2. Nc3 g6 3. Nf3 Bg7 4. g3 Nf6 5. Bg2 Nc6 6. O-O O-O 7. d3 e5 8. Bg5 d6
9. Nd5 Be6 10. Nxf6+ Bxf6 11. Bh6 Bg7 12. Bxg7 Kxg7 13. Qc1 Qd7 14. Ng5 Nd4 15.
Nxe6+ Qxe6 16. Re1 Rab8 17. e3 Nc6 18. a3 f5 19. b3 Rf6 20. f4 Ne7 21. Bh3 e4
22. dxe4 Qxe4 23. Bg2 Qe6 24. e4 Qf7 25. e5 dxe5 26. Rxe5 b6 27. Qe3 Re8 28. Re1
Kf8 29. Bc6 Rxc6 30. Qd3 Rcc8 31. Qd7 Nc6 32. Qd6+ Kg8 33. Rxe8+ Rxe8 34. Rxe8+
Qxe8 35. Qd5+ Kg7 36. Qxc6 Qxc6 {White resigns} 0-1

[Event "Team 45 45 League T77"]
[Site "Internet Chess Club"]
[Date "2018.06.30"]
[Round "2"]
[White "mof63"]
[Black "Conjurer"]
[Result "1-0"]
[WhiteElo "1175"]
[BlackElo "1321"]
[Opening "Colle system"]
[ECO "D05"]
[Time "14:00:25"]
[TimeControl "2700+45"]

1. d4 d5 2. Nf3 Nf6 3. e3 e6 4. Bd3 c5 5. c3 Nc6 6. Nbd2 Be7 7. O-O O-O 8. dxc5
Bxc5 9. e4 e5 10. Qe2 Re8 11. Rd1 d4 12. Nb3 Bb6 13. cxd4 exd4 14. Bg5 Bg4 15.
Rac1 h6 16. Bh4 Rc8 17. a3 a5 18. Nbd2 Ne5 19. Bb1 d3 20. Qf1 Nxf3+ 21. Nxf3
Rxc1 22. Rxc1 d2 23. Rd1 Bxf3 24. gxf3 Qd6 25. Qd3 Rc8 26. Qxd6 {Black resigns}
1-0

[Event "Team 45 45 League T77"]
[Site "Internet Chess Club"]
[Date "2018.07.02"]
[Round "2"]
[White "tasawyer81"]
[Black "RobertBuice"]
[Result "1-0"]
[WhiteElo "1181"]
[BlackElo "1045"]
[Opening "Queen's pawn, Mason variation"]
[ECO "D00"]
[Time "19:30:26"]
[TimeControl "2700+45"]

1. d4 d5 2. Bf4 e6 3. e3 Nc6 4. c3 Bd6 5. Bg3 Bxg3 6. hxg3 e5 7. Nd2 Qe7 8. dxe5
Nxe5 9. Ngf3 Bg4 10. Be2 Nxf3+ 11. Nxf3 c6 12. O-O Nf6 13. Qb3 O-O 14. c4 Ne4
15. Rad1 Rad8 16. Rfe1 Rd6 17. cxd5 Ng5 18. Rd4 Nxf3+ 19. gxf3 Bh3 20. Rh4 Rh6
21. Re4 Qg5 22. f4 Qf5 23. Re5 Qf6 24. Qxb7 Rh4 25. Qxc6 Be6 26. dxe6 fxe6 27.
Qxe6+ Qxe6 28. Rxe6 Rh3 29. Bc4 Kh8 30. Kg2 Rh6 31. Rxh6 gxh6 32. Rh1 Rc8 33.
Be6 Rc2 34. b3 Rxa2 35. b4 Rb2 36. Rxh6 Rxb4 37. Rh5 Rb8 38. Re5 Re8 39. f5 h5
40. Kh3 Kg7 41. Ra5 Kf6 42. Rxa7 Kg5 43. Rg7+ Kh6 44. f6 Rxe6 45. Rf7 Kg6 46.
Rf8 Rxf6 47. Rxf6+ Kxf6 48. Kh4 Kg6 49. f4 Kf5 50. Kxh5 Ke4 51. g4 Kxe3 52. g5
Kxf4 53. g6 Kf5 54. Kh6 Kf6 55. Kh7 Ke7 56. g7 Kf7 57. g8=Q+ Ke7 58. Kg7 Kd7 59.
Kf7 Kd6 60. Qf8+ Kd7 61. Qe7+ Kc6 62. Ke6 Kb5 63. Kd5 Kb6 64. Qc5+ Kb7 65. Kd6
Ka6 {Black resigns} 1-0

[Event "Team 45 45 League T77"]
[Site "Internet Chess Club"]
[Date "2018.06.30"]
[Round "2"]
[White "SuperPuzzler"]
[Black "g8wrb"]
[Result "1-0"]
[WhiteElo "1273"]
[BlackElo "1354"]
[Opening "Nimzo-Indian defense"]
[ECO "E20"]
[Time "13:01:53"]
[TimeControl "2700+45"]

1. d4 e6 2. c4 Nf6 3. Nc3 Bb4 4. Bd2 O-O 5. a3 Be7 6. e3 d5 7. Nf3 c5 8. Be2 Nc6
9. cxd5 exd5 10. O-O Bf5 11. h3 Qb6 12. Na4 Qc7 13. Nxc5 Rac8 14. Rc1 Bxc5 15.
Rxc5 Qd6 16. Qb3 b6 17. Rcc1 Ne4 18. Bd3 Rfe8 19. Rfd1 h6 20. Bb5 Re6 21. Bb4
Qd7 22. Ne5 Qb7 23. Qxd5 Rd8 24. Bxc6 Rxd5 25. Bxb7 Rd8 26. Rc8 Rxc8 27. Bxc8
Rxe5 28. dxe5 Bxc8 29. Rd8+ Kh7 30. Rxc8 {Black resigns} 1-0

[Event "Team 45 45 League T77"]
[Site "Internet Chess Club"]
[Date "2018.06.28"]
[Round "2"]
[White "dabodhi"]
[Black "perugia"]
[Result "1-0"]
[WhiteElo "1331"]
[BlackElo "1150"]
[Opening "Scotch opening"]
[ECO "C44"]
[Time "17:47:56"]
[TimeControl "2700+45"]

1. e4 e5 2. Nf3 Nc6 3. d4 d6 4. Bb5 Nf6 5. d5 a6 6. Bxc6+ bxc6 7. Qd3 cxd5 8.
Nc3 Bb7 9. Bg5 h6 10. Bd2 Nxe4 11. Nxd5 Nc5 12. Qc4 Bxd5 13. Qxd5 Be7 14. b4 Ne6
15. Qc6+ Kf8 16. O-O Bf6 17. Rad1 Kg8 18. a3 Kh7 19. Qe4+ g6 20. Qe3 Bg7 21. h3
Rf8 22. Qb3 Qd7 23. Nh2 Rab8 24. Qe3 Nd4 25. Rc1 Qf5 26. Qd3 Qxd3 27. cxd3 Nb3
28. Rc2 Nd4 29. Rxc7 Nb5 30. Rd7 Nxa3 31. Rxd6 Ra8 32. Ng4 h5 33. Ne3 Nb5 34.
Rd7 Rad8 35. Rxd8 Rxd8 36. Rd1 Rxd3 37. Be1 Rxd1 38. Nxd1 Nd4 39. Nc3 Bf8 40.
Nd5 Kh6 41. Kf1 Kg5 42. Bc3 Kf5 43. Nc7 Nc2 44. Nxa6 Ke4 45. b5 Bd6 46. b6 Nd4
47. Bxd4 exd4 48. Ke2 d3+ 49. Kd2 Bf4+ 50. Kd1 Kd5 51. b7 Kc4 52. b8=Q Bxb8 53.
Nxb8 Kc3 54. Nc6 Kc4 55. Ne5+ Kd4 56. Nxf7 Ke4 57. Ng5+ Kf4 58. Nf3 Ke4 59. Kd2
Kf4 60. Ne1 Kg5 61. Nxd3 Kf5 62. Ke3 Kg5 63. g3 h4 64. Nf4 hxg3 65. fxg3 Kh6 66.
Nxg6 Kxg6 67. Kf4 Kf6 68. h4 Kg6 69. Kg4 Kh6 70. h5 Kh7 71. Kg5 Kg7 72. g4 Kh7
73. h6 Kg8 74. Kg6 Kh8 75. g5 Kg8 76. Kf6 Kh7 77. g6+ Kh8 78. g7+ Kg8 79. h7+
Kxh7 80. Kf7 Kh6 81. g8=Q Kh5 82. Kf6 Kh4 83. Kf5 Kh3 84. Kf4 Kh2 85. Kf3 Kh1
86. Kf2 Kh2 87. Qh7# {Black checkmated} 1-0

[Event "Team 45 45 League T77"]
[Site "Internet Chess Club"]
[Date "2018.06.30"]
[Round "2"]
[White "RubicCube"]
[Black "stantheman59"]
[Result "0-1"]
[WhiteElo "1112"]
[BlackElo "1234"]
[Opening "Sicilian"]
[ECO "B53"]
[Time "18:35:35"]
[TimeControl "2700+45"]

1. e4 c5 2. Nf3 d6 3. d4 Nd7 4. Bc4 Ngf6 5. Ng5 e6 6. Nc3 Be7 7. Be3 Nb6 8. Bb5+
Bd7 9. Be2 O-O 10. O-O d5 11. e5 Ne8 12. Nf3 c4 13. Qd2 Rb8 14. Bg5 f6 15. exf6
Bxf6 16. Bf4 Rc8 17. Bg5 Be7 18. Be3 Nd6 19. Ne5 Nf7 20. Rfe1 Bd6 21. Nf3 Qc7
22. g3 Nd8 23. h4 Nc6 24. Bd1 a6 25. Qe2 Rf6 26. Bg5 Rg6 27. h5 Rxg5 28. Nxg5
Nxd4 29. Qe3 Nf5 30. Qf3 Rf8 31. Qg4 e5 32. Qf3 Bc6 33. Ne6 d4 34. Qe2 Qf7 35.
Nxf8 dxc3 36. bxc3 Qd5 37. f3 Nxg3 38. Qf2 Bc5 39. Re3 Nf5 40. Qe2 Bxe3+ 41. Kg2
Kxf8 42. Rb1 Na4 43. Qe1 Qd2+ 44. Qxd2 Bxd2 45. Ra1 Nxc3 46. Kf2 Nd4 47. a3 b5
48. Kg2 e4 49. Kf2 e3+ 50. Kg3 e2 51. Bxe2 Ndxe2+ 52. Kf2 Nd4 53. Rf1 Nxc2 54.
Rh1 Nxa3 55. Rg1 Nab1 56. Rf1 a5 57. Kg3 a4 58. Kf2 a3 59. Kg3 a2 60. Kf2 a1=Q
61. Kg3 Qa3 62. Kf2 Qc5+ 63. Kg2 Qxh5 64. Kg1 Kg8 65. Kg2 Qg4+ 66. Kh2 Bf4+ 67.
Kh1 Bxf3+ 68. Rxf3 Qxf3+ 69. Kg1 Ne2# {White checkmated} 0-1